 Dungeon Crawl Stone Soup version 0.31-a0-854-g362426d53f (webtiles) character file.

Game seed: 2826459674903111495

2 Kurtz the Sneak (level 1, -3/21 HPs)
             Began as a Naga Delver on Oct 8, 2023.
             Slain by a white imp (4 damage)
             ... on level 4 of the Dungeon.
             The game lasted 00:00:14 (77 turns).

Kurtz the Sneak (Naga Delver)                         Turns: 77, Time: 00:00:16

Health: -3/21      AC:  1    Str: 14    XL:     1   Next: 40%
Magic:  1/1        EV:  9    Int: 10    God:
Gold:   0          SH:  0    Dex: 12    Spells: 0/0 levels left

rFire   . . .        a - +0 hand axe
rCold   . . .        (no shield)
rNeg    . . .        b - +0 leather armour
rPois   +            (no helmet)
rElec   .            (no cloak)
rCorr   .            (no gloves)
SInv    +            (no barding)
Will    .....        (no amulet)
Stlth   +++          (no ring)
HPRegen 0.23/turn    (no ring)
MPRegen 0.07/turn

%: no passive effects
@: very slow
A: AC +0, large, see invisible, deformed body, poison resistance, slowness 2,
spit poison 1, naga tail 1
a: Spit Poison


You were on level 4 of the Dungeon.
You visited 1 branch of the dungeon, and saw 2 of its levels.

Inventory:

Hand Weapons
 a - a +0 hand axe (weapon)
Armour
 b - a +0 leather armour (worn)
Wands
 g - a wand of digging (3)
Scrolls
 c - a scroll of fog
 d - a scroll of revelation
 e - a scroll of fear
Potions
 f - a potion of haste


   Skills:
 - Level 3.0 Fighting
 * Level 2.2 Axes
 - Level 1.5 Dodging
 - Level 7.2 Stealth


You couldn't memorise any spells.
You didn't know any spells.
Your spell library was empty.

Dungeon Overview and Level Annotations

Branches:
Dungeon (5/15)
 Temple: D:4-7

Altars:
Vehumet


Innate Abilities, Weirdness & Mutations

Your serpentine skin is tough. (AC +0)
You have supernaturally acute eyesight. (SInv)
Armour fits poorly on your strangely shaped body.
Your system is resistant to poisons. (rPois)
You cover ground very slowly.
You can spit poison.
You have a snake-like lower body.


Message History

Press: ? - help, Shift-Dir - straight line, f - jackal
Aim: a jackal (almost dead, 43% to hit)
The splash of poison hits the jackal.
The jackal is poisoned.
You kill the jackal!
Unknown command.
You start resting.
You have got your breath back.
You start resting.
HP restored.
You climb downwards.
There is a stone staircase leading up, spattered with blood here.
The white imp closely misses you.
You climb upwards.
There is a stone staircase leading down here.
Unknown command.
You barely miss the white imp.
The white imp grins evilly.
The white imp barely misses you.
Aiming: Spit Poison (3% risk of failure)
Press: ? - help, Shift-Dir - straight line, f - white imp
Aim: a white imp (53% to hit)
The splash of poison hits the white imp.
The white imp completely resists.
The white imp hits you. The white imp freezes you.
Unknown command.
You barely miss the white imp. The white imp hits you.
The white imp freezes you.
You are too injured to fight recklessly!
You are too injured to fight recklessly!
You hit the white imp.
The white imp is lightly wounded.
The white imp hits you. The white imp freezes you.
* * * LOW HITPOINT WARNING * * *
You barely miss the white imp.
The white imp is lightly wounded.
You have got your breath back.
The white imp hits you.
* * * LOW HITPOINT WARNING * * *
The white imp freezes you.
You die...

....
....
#..#
##..##
#....#
#....#
#.†5.#
#†@..#
######


You could see a white imp.

Vanquished Creatures
  2 jackals (D:4)
2 creatures vanquished.

Notes
Turn   | Place    | Note
-------+----------+-------------------------------------------
     0 | D:5      | Kurtz the Naga Delver began the quest for the Orb.
     0 | D:5      | Reached XP level 1. HP: 21/21 MP: 1/1
    18 | D:5      | Found a radiant altar of Vehumet.
    70 | D:5      | Noticed an ice beast
    77 | D:4      | HP: 1/21 [white imp (2)]
    77 | D:4      | Slain by a white imp

Illustrated notes

Levels and vault maps discovered:
D:4:      layout_gridville, uniq_sigmund, uniq_duvessa
D:5:      layout_loops_cross, mainiacjoe_overflow_alcove_2,
          jmf_multi_god_temple2, minitemple, minmay_temple_entry_junction_2

Action                     || total
---------------------------++-------
  Melee: Hand axe          ||     8
Ability: Spit Poison       ||     2
 Armour: Leather armour    ||    12
  Dodge: Dodged            ||     4

Table legend: (Time is in decaauts)
 A = Elapsed time spent in this place.
 B = Non-inter-level travel time spent in this place.
 C = Inter-level travel time spent in this place.
 D = Time resting spent in this place.
 E = Time spent auto-exploring this place.
 F = Levels seen in this place.
 G = Mean time per level.
                   A        B        C        D        E       F      G
               +--------+--------+--------+--------+--------+-----+--------+
         Total |     88 |     86 |      2 |     37 |     18 |   2 |   44.0 |
       Dungeon |     88 |     86 |      2 |     37 |     18 |   2 |   44.0 |
               +--------+--------+--------+--------+--------+-----+--------+

Top non-repeatable levels by time:
     D:4: 53 daAuts
     D:5: 35 daAuts
